NCAA
NORTHWESTERN WILDCATS @ OKLAHOMA SOONERS
05/02/2030
 
TOP OF THE 1ST
Northwestern Wildcats batting - Pitching for Oklahoma Sooners : LHP Dani Martínez
Pitching: LHP Dani Martínez
Batting: RHB Artie Rivers 0-0: Ball
1-0: Foul Ball, location: 2F
1-1: Ball
2-1: SINGLE (Line Drive, 4D)
Batting: RHB Johnny Marshall 0-0: Called Strike
0-1: Ball
1-1: Ball
2-1: Foul Ball, location: 2F
2-2: Ball
3-2: Fly out, F9 (Flyball, 9)
Batting: RHB Dave Singleton 0-0: Ball
1-0: Ball
2-0: Ball
3-0: Called Strike
3-1: Called Strike
3-2: Foul Ball, location: 2F
3-2: Base on Balls
Artie Rivers to second
Batting: RHB Thomas Jordan 0-0: Ball
1-0: Swinging Strike
1-1: Swinging Strike
1-2: Foul Ball, location: 2F
1-2: Strikes out looking
Batting: RHB Dan Hart 0-0: Foul Ball, location: 2F
0-1: 3-RUN HOME RUN (Line Drive, 8LXD), Distance : 386 ft
Batting: LHB Juan Díaz 0-0: Foul Ball, location: 2F
0-1: Ball
1-1: Swinging Strike
1-2: Ball
2-2: Foul Ball, location: 2F
2-2: Strikes out swinging
Top of the 1st over - 3 runs, 2 hits, 0 errors, 0 left on base; Northwestern 3 - Oklahoma 0
BOTTOM OF THE 1ST
Oklahoma Sooners batting - Pitching for Northwestern Wildcats : RHP Edward Bontein
Pitching: RHP Edward Bontein
Batting: RHB Matt Snow 0-0: Swinging Strike
0-1: Ball
1-1: SINGLE (Line Drive, 6MD)
Batting: RHB Joe Daybell 0-0: Ball
1-0: Called Strike
Matt Snow steals 2nd base
1-1: Foul Ball, location: 2F
1-2: Foul Ball, location: 2F
1-2: Ball
2-2: Ground out 6-3 (Groundball, 6)
Matt Snow to third
Batting: LHB Mark Smith 0-0: Swinging Strike
0-1: Ball
1-1: Ball
2-1: Ball
3-1: Base on Balls
Batting: RHB Bryant Caldwell 0-0: Fly out, F8 (Flyball, 8RD)
Runner from 3rd tags up, SCORES, throw made
Batting: LHB Joe Dunn 0-0: Called Strike
0-1: Ball
1-1: SINGLE (Line Drive, 6D)
Mark Smith to second
Batting: LHB Bryce Walton 0-0: Ball
1-0: Foul Ball, location: 2F
1-1: Foul Ball, location: 2F
1-2: Ball
2-2: Ball
3-2: Foul Ball, location: 2F
3-2: Foul Ball, location: 2F
3-2: SINGLE (Line Drive, 4D)
Mark Smith to third
Joe Dunn to second
Mark Smith scores
Joe Dunn to third
Batting: RHB Paul Hickman 0-0: Ball
1-0: Ball
2-0: Foul Ball, location: 2F
2-1: Ball
3-1: Swinging Strike
3-2: Foul Ball, location: 2F
3-2: Ground out 5-3 (Groundball, 56S)
Bottom of the 1st over - 2 runs, 3 hits, 0 errors, 2 left on base; Northwestern 3 - Oklahoma 2
TOP OF THE 2ND
Northwestern Wildcats batting - Pitching for Oklahoma Sooners : LHP Dani Martínez
Batting: LHB Carl Picot 0-0: Foul Ball, location: 2F
0-1: Called Strike
0-2: Ball
1-2: Ball
2-2: Ball
3-2: Foul Ball, location: 2F
3-2: Foul Ball, location: 2F
3-2: Foul Ball, location: 2F
3-2: Foul Ball, location: 2F
3-2: Foul Ball, location: 2F
3-2: Base on Balls
Batting: RHB Ken Banks 0-0: Fly out, F2 (Popup, 25F)
Batting: LHB Andy MacAindra 0-0: Ball
1-0: Ball
2-0: Ball
3-0: Called Strike
3-1: Foul Ball, location: 2F
3-2: Base on Balls
Carl Picot to second
Batting: RHB Artie Rivers 0-0: Called Strike
0-1: Ball
1-1: Fly out, F8 (Flyball, 8LD)
Batting: RHB Johnny Marshall 0-0: Ball
1-0: Swinging Strike
1-1: Called Strike
1-2: Strikes out swinging
Top of the 2nd over - 0 runs, 0 hits, 0 errors, 2 left on base; Northwestern 3 - Oklahoma 2
BOTTOM OF THE 2ND
Oklahoma Sooners batting - Pitching for Northwestern Wildcats : RHP Edward Bontein
Batting: RHB Irving MacIntyre 0-0: Ball
1-0: Ball
2-0: Ball
3-0: Called Strike
3-1: Base on Balls
Batting: RHB Joe Hughes 0-0: Fly out, F3 (Popup, 13)
Batting: RHB Matt Snow 0-0: Called Strike
0-1: Ball
1-1: Foul Ball, location: 2F
1-2: Ground out 5-3 (Groundball, 5S)
Irving MacIntyre to second
Batting: RHB Joe Daybell 0-0: Ball
1-0: Ball
2-0: Foul Ball, location: 2F
2-1: Called Strike
2-2: Foul Ball, location: 2F
2-2: Foul Ball, location: 2F
2-2: Ball
3-2: DOUBLE (Flyball, 8RD)
Irving MacIntyre scores
Batting: LHB Mark Smith 0-0: Fly out, F7 (Flyball, 78S)
Bottom of the 2nd over - 1 run, 1 hit, 0 errors, 1 left on base; Northwestern 3 - Oklahoma 3
TOP OF THE 3RD
Northwestern Wildcats batting - Pitching for Oklahoma Sooners : LHP Dani Martínez
Batting: RHB Dave Singleton 0-0: Ball
1-0: Ground out 4-3 (Groundball, 4M)
Batting: RHB Thomas Jordan 0-0: Called Strike
0-1: Ball
1-1: Fly out, F8 (Flyball, 8RD)
Batting: RHB Dan Hart 0-0: Ball
1-0: Foul Ball, location: 2F
1-1: Ball
2-1: Ball
3-1: SINGLE (Flyball, 9S)
Batting: LHB Juan Díaz 0-0: Ball
1-0: Foul Ball, location: 2F
1-1: Foul Ball, location: 2F
1-2: Foul Ball, location: 2F
1-2: Fielders Choice at 2nd, 6-4 (Groundball, 6)
Top of the 3rd over - 0 runs, 1 hit, 0 errors, 1 left on base; Northwestern 3 - Oklahoma 3
BOTTOM OF THE 3RD
Oklahoma Sooners batting - Pitching for Northwestern Wildcats : RHP Edward Bontein
Batting: RHB Bryant Caldwell 0-0: Ball
1-0: Ball
2-0: Called Strike
2-1: Swinging Strike
2-2: Foul Ball, location: 2F
2-2: Ball
3-2: Fly out, F8 (Flyball, 8RD)
Batting: LHB Joe Dunn 0-0: Ball
Error on foul ball, E9
1-1: Ball
2-1: Foul Ball, location: 2F
2-2: Ball
3-2: Strikes out looking
Batting: LHB Bryce Walton 0-0: Ball
1-0: Ball
2-0: Fly out, F9 (Flyball, 9S)
Bottom of the 3rd over - 0 runs, 0 hits, 1 error, 0 left on base; Northwestern 3 - Oklahoma 3
TOP OF THE 4TH
Northwestern Wildcats batting - Pitching for Oklahoma Sooners : LHP Dani Martínez
Batting: LHB Carl Picot 0-0: Called Strike
0-1: Fly out, F6 (Popup, 6MD)
Batting: RHB Ken Banks 0-0: Ball
1-0: Swinging Strike
1-1: Foul Ball, location: 2F
1-2: Strikes out swinging
Batting: LHB Andy MacAindra 0-0: SINGLE (Line Drive, 9LS)
Batting: RHB Artie Rivers 0-0: Called Strike
0-1: Ball
1-1: Ball
2-1: Ball
3-1: Base on Balls
Andy MacAindra to second
Pitching: RHP Francisco Moreno
Batting: RHB Johnny Marshall 0-0: Ball
1-0: Called Strike
1-1: Called Strike
1-2: Ball
2-2: Strikes out looking
Top of the 4th over - 0 runs, 1 hit, 0 errors, 2 left on base; Northwestern 3 - Oklahoma 3
BOTTOM OF THE 4TH
Oklahoma Sooners batting - Pitching for Northwestern Wildcats : RHP Edward Bontein
Batting: RHB Paul Hickman 0-0: Called Strike
0-1: Ball
1-1: Ball
2-1: Fly out, F7 (Flyball, 7S)
Batting: RHB Irving MacIntyre 0-0: Called Strike
0-1: SINGLE (Flyball, 9LM)
Batting: RHB Joe Hughes 0-0: Ball
1-0: Ball
2-0: SINGLE (Line Drive, 9LM)
Irving MacIntyre to second
Batting: RHB Matt Snow 0-0: Swinging Strike
0-1: Ball
1-1: Reached on error, E3 (Groundball, 34)
Irving MacIntyre to third
Joe Hughes to second
Pitching: RHP Miguel Gómez
Batting: RHB Joe Daybell 0-0: Ball
1-0: Foul Ball, location: 2F
1-1: Grounds into double play, 4-6-3 (Groundball, 4)
Bottom of the 4th over - 0 runs, 2 hits, 1 error, 2 left on base; Northwestern 3 - Oklahoma 3
TOP OF THE 5TH
Northwestern Wildcats batting - Pitching for Oklahoma Sooners : RHP Francisco Moreno
Batting: RHB Dave Singleton 0-0: Ball
1-0: Ground out 6-3 (Groundball, 6)
Batting: RHB Thomas Jordan 0-0: Ball
1-0: Ground out 6-3 (Groundball, 6)
Batting: RHB Dan Hart 0-0: Called Strike
0-1: Hit by Pitch
Batting: LHB Juan Díaz 0-0: Called Strike
0-1: Ball
1-1: Ground out 3-1 (Groundball, 34S)
Top of the 5th over - 0 runs, 0 hits, 0 errors, 1 left on base; Northwestern 3 - Oklahoma 3
BOTTOM OF THE 5TH
Oklahoma Sooners batting - Pitching for Northwestern Wildcats : RHP Miguel Gómez
Batting: LHB Mark Smith 0-0: Swinging Strike
0-1: Swinging Strike
0-2: Ball
1-2: Ball
2-2: Strikes out swinging
Batting: RHB Bryant Caldwell 0-0: Fly out, F3 (Popup, 3SF)
Batting: LHB Joe Dunn 0-0: Ball
1-0: Foul Ball, location: 2F
1-1: Foul Ball, location: 2F
1-2: Strikes out swinging
Bottom of the 5th over - 0 runs, 0 hits, 0 errors, 0 left on base; Northwestern 3 - Oklahoma 3
TOP OF THE 6TH
Northwestern Wildcats batting - Pitching for Oklahoma Sooners : RHP Francisco Moreno
Batting: LHB Carl Picot 0-0: Called Strike
0-1: Ball
1-1: Called Strike
1-2: Ground out 4-3 (Groundball, 34)
Batting: RHB Ken Banks 0-0: Ball
1-0: Called Strike
1-1: Fly out, F4 (Line Drive, 4)
Batting: LHB Andy MacAindra 0-0: Swinging Strike
0-1: Ball
1-1: Called Strike
1-2: Strikes out swinging
Top of the 6th over - 0 runs, 0 hits, 0 errors, 0 left on base; Northwestern 3 - Oklahoma 3
BOTTOM OF THE 6TH
Oklahoma Sooners batting - Pitching for Northwestern Wildcats : RHP Miguel Gómez
Batting: LHB Bryce Walton 0-0: Ball
1-0: Called Strike
1-1: Ball
2-1: Called Strike
2-2: Ball
3-2: Base on Balls
Batting: RHB Paul Hickman 0-0: Grounds into double play, 5-4-3 (Groundball, 56)
Batting: RHB Irving MacIntyre 0-0: Ball
1-0: Ball
2-0: Swinging Strike
2-1: Foul Ball, location: 2F
2-2: Strikes out looking
Bottom of the 6th over - 0 runs, 0 hits, 0 errors, 0 left on base; Northwestern 3 - Oklahoma 3
TOP OF THE 7TH
Northwestern Wildcats batting - Pitching for Oklahoma Sooners : RHP Francisco Moreno
Batting: RHB Artie Rivers 0-0: Ball
1-0: SINGLE (Line Drive, 6MD)
Batting: RHB Johnny Marshall 0-0: Ball
1-0: Fielders Choice at 2nd, 5-4 (Groundball, 56)
Batting: RHB Dave Singleton 0-0: Fly out, F8 (Flyball, 8RD)
Batting: RHB Thomas Jordan 0-0: Called Strike
0-1: Called Strike
0-2: Ball
1-2: Ball
2-2: Strikes out swinging
Top of the 7th over - 0 runs, 1 hit, 0 errors, 1 left on base; Northwestern 3 - Oklahoma 3
BOTTOM OF THE 7TH
Oklahoma Sooners batting - Pitching for Northwestern Wildcats : RHP Miguel Gómez
Now at 2B: Roberto Martínez
Batting: RHB Joe Hughes 0-0: Called Strike
0-1: Ball
1-1: SINGLE (Groundball, 4MD)
Batting: RHB Matt Snow 0-0: Ball
1-0: Bunted foul
1-1: Ball
2-1: Bunt - Flyout! F5
Batting: RHB Joe Daybell 0-0: Ball
Joe Hughes steals 2nd base
1-0: Ball
2-0: Ball
3-0: Base on Balls
Batting: LHB Mark Smith 0-0: Called Strike
0-1: Fly out, F9 (Flyball, 9S)
Batting: RHB Bryant Caldwell 0-0: Ball
1-0: Called Strike
1-1: Foul Ball, location: 2F
1-2: SINGLE (Groundball, 25) (infield hit)
Joe Hughes to third
Joe Daybell to second
Batting: LHB Joe Dunn 0-0: Called Strike
0-1: Ball
1-1: DOUBLE (Line Drive, 78D)
Joe Hughes scores
Joe Daybell scores
Bryant Caldwell to third
Runner from 3rd tries for Home, SAFE, no throw
Pitching: LHP François Séguin
Batting: LHB Bryce Walton 0-0: Foul Ball, location: 2F
0-1: Fly out, F3 (Line Drive, 3L)
Bottom of the 7th over - 3 runs, 3 hits, 0 errors, 1 left on base; Northwestern 3 - Oklahoma 6
TOP OF THE 8TH
Northwestern Wildcats batting - Pitching for Oklahoma Sooners : RHP Francisco Moreno
Now in LF: Ambrosio Hernández
Batting: RHB Dan Hart 0-0: Swinging Strike
0-1: Swinging Strike
0-2: Ball
1-2: Strikes out swinging
Batting: LHB Juan Díaz 0-0: Ball
1-0: Ball
2-0: Fly out, F9 (Flyball, 9S)
Batting: LHB Carl Picot 0-0: Ball
1-0: Fly out, F6 (Line Drive, 6)
Top of the 8th over - 0 runs, 0 hits, 0 errors, 0 left on base; Northwestern 3 - Oklahoma 6
BOTTOM OF THE 8TH
Oklahoma Sooners batting - Pitching for Northwestern Wildcats : LHP François Séguin
Batting: RHB Paul Hickman 0-0: Fly out, F7 (Flyball, 7)
Batting: RHB Irving MacIntyre 0-0: Called Strike
0-1: Ball
1-1: SINGLE (Line Drive, 8LS)
Batting: RHB Joe Hughes 0-0: Called Strike
0-1: 2-RUN HOME RUN (Flyball, 7LD), Distance : 332 ft
Batting: RHB Matt Snow 0-0: Ball
1-0: Ground out 6-3 (Groundball, 6)
Now at SS: Ben Bond
Batting: RHB Joe Daybell 0-0: Called Strike
0-1: SINGLE (Groundball, 56S) (infield hit)
Batting: LHB Mark Smith 0-0: Ball
Joe Daybell is caught stealing 2nd base
Bottom of the 8th over - 2 runs, 3 hits, 0 errors, 0 left on base; Northwestern 3 - Oklahoma 8
TOP OF THE 9TH
Northwestern Wildcats batting - Pitching for Oklahoma Sooners : RHP Francisco Moreno
Batting: RHB Ken Banks 0-0: Ball
1-0: Foul Ball, location: 2F
1-1: Called Strike
1-2: Ball
2-2: Ball
3-2: Foul Ball, location: 2F
3-2: Foul Ball, location: 2F
3-2: Fly out, F4 (Line Drive, 4)
Batting: LHB Andy MacAindra 0-0: Ball
1-0: Ball
2-0: Fly out, F5 (Line Drive, 5)
Batting: LHB Roberto Martínez 0-0: Foul Ball, location: 2F
0-1: Called Strike
0-2: Ball
1-2: SINGLE (Groundball, 4MD)
Batting: RHB Ben Bond 0-0: Ball
1-0: Foul Ball, location: 2F
1-1: Ball
2-1: SINGLE (Groundball, 25) (infield hit)
Roberto Martínez to second
Pitching: RHP Dave Martínez
Batting: RHB Dave Singleton 0-0: Fly out, F6 (Popup, 4MD)
Top of the 9th over - 0 runs, 2 hits, 0 errors, 2 left on base; Northwestern 3 - Oklahoma 8
Saturday, April 7th, 2018 - OOTP Baseball 18.8 Build 76